 Dungeon Crawl Stone Soup version 0.17.0-28-g6e173f8 (webtiles) character file.

97 gorblad the Skirmisher (level 4, -6/44 HPs)
             Began as a Draconian Chaos Knight on Dec 1, 2015.
             Mangled by a gnoll
             ... wielding a cursed +0 spear
              (8 damage)
             ... on level 3 of the Dungeon.
             The game lasted 00:08:22 (2439 turns).

gorblad the Skirmisher (Draconian Chaos Knight)     Turns: 2439, Time: 00:08:23

Health: -6/44      AC:  5    Str: 15    XL:     4   Next: 42%
Magic:  4/4        EV: 11    Int: 12    God:    Xom [..*...]
Gold:   136        SH:  3    Dex: 11    Spells: 0 memorised, 3 levels left

rFire  . . .     SeeInvis .     r - +1 spear (pierce)
rCold  . . .     Clarity  .     (armour unavailable)
rNeg   . . .     SustAt   .     c - +0 buckler
rPois  .         Gourm    .     (helmet restricted)
rElec  .         Spirit   .     (no cloak)
rCorr  .         Warding  .     (no gloves)
rMut   .         Stasis   .     (no boots)
MR     .....                    (no amulet)
Stlth  +.........               (no ring)
                                k - ring of wizardry

@: not resistant to hostile enchantments, very unstealthy
A: unfitting armour, sense surroundings 1, cold-blooded, MP-powered wands, AC +5
a: Renounce Religion


You were on level 3 of the Dungeon.
You worshipped Xom.
You were a toy of Xom.
You were not hungry.

You visited 1 branch of the dungeon, and saw 3 of its levels.

You collected 136 gold pieces.

Inventory:

Hand Weapons
 a - a +0 hand axe of chaos
 r - a +1 spear of piercing (weapon)
Missiles
 g - 5 tomahawks (quivered)
Armour
 c - a +0 buckler (worn)
Jewellery
 k - a ring of wizardry (left hand)
 p - a cursed ring of teleportation
Wands
 e - a wand of fire (5)
Scrolls
 i - 3 scrolls of enchant armour
 o - a scroll of remove curse
Comestibles
 b - 2 bread rations
 f - 2 beef jerkies
 h - 11 fruits
 m - 2 meat rations
 q - a royal jelly


   Skills:
 + Level 5.8 Fighting
 - Level 3.0 Axes
 - Level 2.1 Dodging


You had 3 spell levels left.
You didn't know any spells.

Dungeon Overview and Level Annotations

Branches:
Dungeon (3/15)

Altars:
Trog


Innate Abilities, Weirdness & Mutations

Your plain brown scales are hard (AC +5).
Your body does not fit into most forms of armour.
You are cold-blooded and may be slowed by cold attacks.
You passively map a small area around you.
You expend magic power (3 MP) to strengthen your wands.


Message History

As you read the scroll labeled DINILI LORINESM, it crumbles to dust.
You assume a fearsome visage.
The orc priest looks frightened!
The orc looks frightened!
It was a scroll of fear.
You start resting.
All of the chunks of flesh in your inventory have rotted away.
A gnoll is nearby!
Read which item? (? for menu, Esc to quit)
Okay, then.
The gnoll shouts!
The gnoll shouts!
The gnoll barely misses you. The gnoll hits you with a spear.
* * * LOW HITPOINT WARNING * * *
Things that are here:
a hand axe; a ring mail; a lumpy emerald potion You hit the gnoll.
The gnoll is heavily wounded.
The gnoll hits you from afar with a spear!
You die...
Xom chuckles heartily!

.......#
.o.....#
.o.....# ,, * ,
##############
,
.............#
,.............#
.............#
....g.gg@....#
##############


You could see 3 gnolls.

Vanquished Creatures
  Robin (D:2)
  2 adders
  2 worms (D:2)
  2 orcs (D:3)
  4 giant cockroaches
  10 hobgoblins
  3 jackals (D:3)
  8 kobolds
  A quokka (D:2)
  4 bats
  3 giant newts (D:2)
  12 goblins
  14 rats
66 creatures vanquished.

Vanquished Creatures (others)
  A wizard (D:3)
1 creature vanquished.

Grand Total: 67 creatures vanquished

Notes
Turn   | Place    | Note
--------------------------------------------------------------
     0 | D:1      | gorblad the Draconian Chaos Knight began the quest for the Orb.
     0 | D:1      | Reached XP level 1. HP: 19/19 MP: 1/1
    15 | D:1      | XOM: silly message
    18 | D:1      | XOM: silly message
    42 | D:1      | XOM: divination: detect items
    94 | D:1      | Reached XP level 2. HP: 22/27 MP: 2/2
   103 | D:1      | Reached skill level 4 in Fighting
   496 | D:1      | XOM: harmless Air miscast
   941 | D:2      | Reached XP level 3. HP: 26/34 MP: 3/3
  1125 | D:2      | XOM: harmless Fire miscast
  1212 | D:2      | Reached skill level 5 in Fighting
  1292 | D:2      | Noticed Robin
  1295 | D:2      | XOM: potion effect (brilliance)
  1333 | D:2      | Killed Robin
  1333 | D:2      | Reached XP level 4. HP: 26/42 MP: 4/4
  1381 | D:2      | XOM: harmless Trmt miscast
  1689 | D:3      | XOM: colour smoke trail
  1733 | D:3      | Found a bloodstained altar of Trog.
  1735 | D:3      | Noticed a wizard
  1739 | D:3      | XOM: confuse monster(s)
  1740 | D:3      | Killed a wizard
  1761 | D:3      | XOM: medium Erth miscast
  1775 | D:3      | XOM: confuse monster(s)
  1784 | D:3      | Gained mutation: You expend magic power (3 MP) to strengthen your wands. [potion of mutation]
  1784 | D:3      | Gained mutation: You passively map a small area around you. [potion of mutation]
  1788 | D:3      | XOM: harmless Hex miscast
  1789 | D:3      | XOM: mild Tloc miscast
  1812 | D:3      | HP: 2/42 [poison (a potion of poison)]
  1820 | D:3      | HP: 1/42 [poison (a potion of poison)]
  1912 | D:3      | XOM: divination: magic mapping
  2320 | D:3      | XOM: butterfly on damage
  2321 | D:3      | XOM: summons friendly ufetubus
  2334 | D:3      | XOM: summons 1 friendly demon
  2409 | D:3      | HP: 1/44 [orc priest/short sword (4)]
  2438 | D:3      | HP: 2/44 [gnoll/spear (3)]
  2439 | D:3      | Mangled by a gnoll

Action                   |  1- 3 |  4- 6 || total
-------------------------+-------+-------++-------
Melee: Hand axe          |    92 |       ||    92
       Spear             |    44 |    78 ||   122
  Use: Scroll            |     5 |     4 ||     9
       Potion            |       |     5 ||     5
 Stab: Paralysed         |     2 |       ||     2
       Confused          |     1 |       ||     1
       Sleeping          |       |     3 ||     3
  Eat: Chunk             |     1 |     2 ||     3
       Bread ration      |       |     1 ||     1
